 Dungeon Crawl Stone Soup version 0.21-a0-442-g848f44b (webtiles) character file.

114 nikopol the Firebug (level 4, -3/24 HPs)
             Began as a Deep Elf Fire Elementalist on Nov 12, 2017.
             Was an Initiate of Vehumet.
             Slain by a centaur
             ... wielding a +2 vampiric spear
              (4 damage)
             ... on level 3 of the Dungeon.
             The game lasted 00:06:01 (2263 turns).

nikopol the Firebug (Deep Elf Fire Elementalist)    Turns: 2263, Time: 00:06:02

Health: -3/24      AC:  2    Str:  5    XL:     4   Next: 67%
Magic:  5/12       EV: 13    Int: 21    God:    Vehumet [......]
Gold:   158        SH:  0    Dex: 15    Spells: 5/11 levels left

rFire    . . .     SeeInvis .   d - +0 short sword
rCold    . . .     Gourm    .   (no shield)
rNeg     . . .     Faith    .   a - +0 robe
rPois    .         Spirit   .   (no helmet)
rElec    .         Reflect  .   (no cloak)
rCorr    .         Harm     .   (no gloves)
MR       .....                  (no boots)
Stlth    ++........             (no amulet)
HPRegen  0.08/turn              (no ring)
MPRegen  0.13/turn              (no ring)

@: no status effects
A: no striking features
a: Renounce Religion


You were on level 3 of the Dungeon.
You worshipped Vehumet.
Vehumet was noncommittal.
You were not hungry.

You visited 1 branch of the dungeon, and saw 3 of its levels.

You collected 158 gold pieces.

Inventory:

Hand Weapons
 d - a +0 short sword (weapon)
Armour
 a - a +0 robe (worn)
Jewellery
 g - an uncursed ring of resist corrosion {unknown}
Scrolls
 h - a scroll of amnesia {unknown}
 i - 2 scrolls of teleportation {unknown}
 l - a scroll of enchant weapon {unknown}
 n - 4 scrolls of identify {unknown}
 q - a scroll of remove curse {unknown}
 t - a scroll of fear {unknown}
Potions
 e - 2 potions of invisibility {unknown}
 j - a potion of flight {unknown}
 k - 2 potions of heal wounds {unknown}
 m - 2 potions of haste {unknown}
 r - a potion of agility {unknown}
Books
 b - a book of Flames

   Spells                             Type                      Level
   a - Flame Tongue                   Conjuration/Fire             1
   b - Throw Flame                    Conjuration/Fire             2
   c - Conjure Flame                  Conjuration/Fire             3
   d - Inner Flame                    Hexes/Fire                   3
   e - Sticky Flame                   Conjuration/Fire             4
   f - Fireball                       Conjuration/Fire             5
Comestibles
 c - 3 bread rations
 f - 8 fruits
 o - a meat ration
 p - a royal jelly


   Skills:
 + Level 0.4 Short Blades
 + Level 2.6 Dodging
 + Level 2.9 Stealth
 + Level 4.1 Spellcasting
 + Level 2.2 Conjurations
 + Level 4.7 Fire Magic


You had 5 spell levels left.
You knew the following spells:

 Your Spells              Type           Power        Failure   Level  Hunger
a - Flame Tongue          Conj/Fire      ###..        2%          1    None
b - Throw Flame           Conj/Fire      ###...       4%          2    #......
c - Conjure Flame         Conj/Fire      ###.....     9%          3    ###....


Dungeon Overview and Level Annotations

Branches:
Dungeon (3/15)

Altars:
Vehumet


Message History

The centaur draws strength from your wounds!
Casting: Flame Tongue
Confirm with . or Enter, or press ? or * to list all spells.
Aiming: Flame Tongue
Press: ? - help, Shift-Dir - straight line, f/p - centaur
Aim: a centaur, wielding a vampiric spear (heavily wounded)
The flame tongue hits the centaur.
The centaur is severely wounded.
The centaur hits you with an uncursed vampiric spear!
* * * LOW HITPOINT WARNING * * *
The centaur draws strength from your wounds!
Casting: Flame Tongue
Confirm with . or Enter, or press ? or * to list all spells.
Aiming: Throw Flame
Press: ? - help, Shift-Dir - straight line, f/p - centaur
Aim: a centaur, wielding a vampiric spear (severely wounded)
The puff of flame hits the centaur.
The centaur is severely wounded.
The centaur hits you with an uncursed vampiric spear.
You die...

#...# #.###..........###.# #...#
#.............####.#
#...#####................#
#..........#.###..########
.######...#...#....###..##.....#
#........###.###.#..##..##.....#
.....<....#...#..#..##.........#
............_....#..##.###.....#
#.####)..#...#@..(....# #.....#
##..###.###c...#### #######
#....#..(#..#...## ##
##.c.....(...###.##### ..
#.......##.#.# #.....#
..#####....#o###...###.###.#
#### ..........##.# ####...##
#.# #... ...#..#.####.##########
#.###.## ......#.###......#
#...[.#


You could see a centaur.

Vanquished Creatures
  An orc wizard (D:3)
  3 adders
  2 worms
  A dart slug (D:2)
  2 leopard geckos
  3 orcs (D:3)
  6 bats
  5 goblins
  A hobgoblin (D:3)
  5 jackals
  8 kobolds
  A quokka (D:2)
  A ball python (D:3)
  2 frilled lizards (D:1)
  5 rats
46 creatures vanquished.

Notes
Turn   | Place    | Note
-------+----------+-------------------------------------------
     0 | D:1      | nikopol the Deep Elf Fire Elementalist began the quest for the Orb.
     0 | D:1      | Reached XP level 1. HP: 10/10 MP: 6/6
   390 | D:1      | Reached XP level 2. HP: 15/15 MP: 5/8
   943 | D:2      | Reached XP level 3. HP: 19/19 MP: 2/9
  1142 | D:2      | Learned a level 2 spell: Throw Flame
  1146 | D:2      | Learned a level 3 spell: Conjure Flame
  1714 | D:3      | Found a radiant altar of Vehumet.
  1723 | D:3      | Became a worshipper of Vehumet
  1866 | D:3      | Reached XP level 4. HP: 24/24 MP: 8/11
  2250 | D:3      | Noticed a centaur
  2262 | D:3      | HP: 1/24 [centaur/uncursed vampiric spear (9)]
  2263 | D:3      | Slain by a centaur

Vault maps used:
D:1:      onia_arrival_pentagram, grunt_decor_one_mirror
D:2:      first_bread, cheibrodos_gnoll_hut
D:3:      vehumet_crystals

Skill      XL: |  1  2  3  4 |
---------------+-------------+-----
Fire Magic     | 4 |  4.7
Spellcasting   | 4 |  4.1
Conjurations   | 2 |  2.2
Short Blades   | |  0.4
Dodging        | |  2.6
Stealth        | |  2.9

Action                   |  1- 3 |  4- 6 || total
-------------------------+-------+-------++-------
Melee: Short sword       |     6 |       ||     6
 Cast: Flame Tongue      |    65 |    22 ||    87
       Throw Flame       |     4 |     1 ||     5
  Eat: Chunk             |     2 |     1 ||     3
       Fruit             |     1 |       ||     1
Armor: Robe              |     1 |     1 ||     2
Dodge: Dodged            |    17 |    10 ||    27

Table legend:
 A = Spawn XP
 B = Non-spawn XP
 C = Spawn XP percentage of total XP
 D = Spawn monster count
 E = Non-spawn monster count
 F = Spawn count percentage of total count
 G = Total turns spent on level
                    A         B        C        D         E        F      G
               +---------+---------+-------+---------+---------+-------+---------
         Total |       0 |     164 |   0.0 |       0 |      46 |   0.0 |  2263
               +---------+---------+-------+---------+---------+-------+---------
           D:1 |       0 |      18 |   0.0 |       0 |      11 |   0.0 |   718
           D:2 |       0 |      51 |   0.0 |       0 |      20 |   0.0 |  1145
           D:3 |       0 |      95 |   0.0 |       0 |      15 |   0.0 |   400
               +---------+---------+-------+---------+---------+-------+---------
